 Dungeon Crawl Stone Soup version 0.26-a0-651-gb41185065b (webtiles) character file.

Game seed: 7495019653842548787

1290 Flugslaktarn the Chopper (level 8, -20/75 HPs)
             Began as a Deep Dwarf Fighter on Oct 6, 2020.
             Was a Follower of Makhleb.
             Demolished by an orc warrior
             ... wielding a +0 battleaxe
              (24 damage)
             ... on level 6 of the Dungeon.
             The game lasted 00:01:37 (2017 turns).

Flugslaktarn the Chopper (Deep Dwarf Fighter)       Turns: 2017, Time: 00:01:37

Health: -20/75     AC:  8    Str: 22    XL:     8   Next: 30%
Magic:  5/6        EV:  7    Int:  9    God:    Makhleb [*.....]
Gold:   61         SH:  0    Dex: 12    Spells: 7/7 levels left

rFire    . . .     SeeInvis .   a - +0 war axe
rCold    . . .     Faith    .   c - +0 kite shield
rNeg     . . .     Spirit   .   b - +0 scale mail
rPois    .         Reflect  .   t - +0 helmet
rElec    .         Harm     .   (no cloak)
rCorr    .         Rampage  .   (no gloves)
MR       +....                  (no boots)
Stlth    ..........             (no amulet)
HPRegen  0.00/turn              j - ring of attention (curse)
MPRegen  0.10/turn              (no ring)

@: confused, non-regenerating
A: damage resistance, heal wounds, sense surroundings 1, no regeneration
a: Heal Wounds, Renounce Religion


You were on level 6 of the Dungeon.
You worshipped Makhleb.
Makhleb was aware of your devotion.
You visited 1 branch of the dungeon, and saw 6 of its levels.

You collected 166 gold pieces.
You spent 105 gold pieces at shops.

Inventory:

Hand Weapons
 a - a +0 war axe (weapon)
Missiles
 r - a throwing net (quivered)
Armour
 b - a +0 scale mail (worn)
 c - a +0 kite shield (worn)
 t - a +0 helmet (worn)
   (You found it on level 5 of the Dungeon)
Jewellery
 j - a cursed ring of attention (left hand)
   (You found it on level 3 of the Dungeon)
Wands
 n - a wand of paralysis (9)
   (You found it on level 3 of the Dungeon)
 u - a wand of enslavement (11)
   (You found it on level 5 of the Dungeon)
Scrolls
 f - 3 scrolls of immolation {unknown}
 g - a scroll of fear {unknown}
 i - 6 scrolls of remove curse {unknown}
 k - a scroll of blinking {unknown}
 o - 2 scrolls of teleportation {unknown}
 p - a scroll of identify {unknown}
 q - a scroll of enchant armour
 s - a scroll of amnesia {unknown}
Potions
 d - a potion of might
 e - 3 potions of mutation {unknown}
 h - a potion of heal wounds {unknown}
 l - a potion of lignification {unknown}
 m - 2 potions of haste {unknown}


   Skills:
 * Level 5.6 Fighting
 * Level 6.3 Axes
 + Level 5.4 Armour
 + Level 5.3 Shields
 + Level 4.1 Invocations


You had 7 spell levels left.
You didn't know any spells.
Your spell library was empty.

Dungeon Overview and Level Annotations

Branches:
Dungeon (6/15)
 Temple: D:4-7

Altars:
Dithmenos
Elyvilon
Fedhas
Makhleb
Qazlal
Uskayaw

Shops:
D:4 *

Annotations:
D:3 1 runed translucent door, PanSaczeczos's ghost, amateur DrTm
D:4 1 runed translucent door, PanSaczeczos's ghost, amateur KoSu


Innate Abilities, Weirdness & Mutations

You are resistant to damage.
You can heal yourself by infusing magical energy.
You passively map a small area around you.
You do not regenerate.


Message History

You are too injured to fight recklessly!
You bump into the rock wall.
The black bear bites you.
* * * LOW HITPOINT WARNING * * *
The black bear claws you but does no damage.
The black bear closely misses you.
The orc warrior hits you with a +0 battleaxe!
* * * LOW HITPOINT WARNING * * *
Something hits you. The black bear bites you. The black bear barely misses you.
The black bear claws you but does no damage.
You're too confused!
You hit the orc warrior but do no damage.
The orc warrior is almost dead.
You slash the black bear!
You kill the black bear!
Makhleb accepts your kill.
Your Invocations skill increases to level 4!
You completely miss something. Something hits you.
* * * LOW HITPOINT WARNING * * *
The orc warrior hits you with a +0 battleaxe!!
You die...

, .. .## , ., .. *
. * * ,*.##.###..
,* ......... , ##
, ,##........ ,..
,, #......... , .
..,*, *#.........
, *...#.*
###.[......
#....###@5z##.....
#..<.o{## ...,
#.......#* * #
##....#..# , *
##.####.# * ### .#
, .. , .. , *


You could see an orc warrior, a wight and an ufetubus.

Vanquished Creatures
  Menkaure (D:4)
  Edmund (D:4)
  A sky beast (D:5)
  A phantom (D:4)
  A black bear (D:6)
  3 ogres
  A scorpion (D:4)
  An orc priest (D:4)
  3 iron imps (D:3)
  An orc wizard (D:6)
  A bullfrog skeleton (D:5)
  An iguana (D:6)
  6 worker ants
  A hound zombie (D:5)
  3 gnolls (D:5)
  An adder (D:2)
  3 white imps (D:5)
  An ufetubus (D:5)
  An ooze (D:1)
  2 dart slugs (D:3)
  3 leopard geckos
  8 orcs
  A ball python (D:3)
  A giant cockroach (D:3)
  8 goblins
  7 hobgoblins
  2 jackals (D:2)
  6 kobolds
  2 quokkas (D:2)
  5 bats
  2 frilled lizards (D:1)
  A jackal skeleton (D:5)
  5 rats
85 creatures vanquished.

Vanquished Creatures (others)
  A bat (D:3)
  2 withered plants (D:3)
3 creatures vanquished.

Grand Total: 88 creatures vanquished

Notes
Turn   | Place    | Note
-------+----------+-------------------------------------------
     0 | D:1      | Flugslaktarn the Deep Dwarf Fighter began the quest for the
                  | Orb.
     0 | D:1      | Reached XP level 1. HP: 20/20 MP: 1/1
    69 | D:1      | Reached XP level 2. HP: 25/27 MP: 2/2
   244 | D:1      | Reached XP level 3. HP: 26/34 MP: 3/3
   281 | D:2      | Reached skill level 3 in Axes
   301 | D:3      | Found a stormy altar of Qazlal.
   312 | D:3      | Found a blossoming altar of Fedhas.
   332 | D:3      | Found a shadowy altar of Dithmenos.
   350 | D:3      | Found a burning altar of Makhleb.
   361 | D:3      | Reached XP level 4. HP: 42/42 MP: 4/4
   365 | D:3      | Reached XP level 5. HP: 44/50 MP: 5/5
   372 | D:3      | Became a worshipper of Makhleb the Destroyer
   502 | D:3      | Found a faded altar of an unknown god.
   562 | D:3      | Found a runed translucent door.
   565 | D:3      | Noticed PanSaczeczos's ghost (amateur DrTm)
   610 | D:3      | Found a white marble altar of Elyvilon.
   816 | D:4      | Noticed Menkaure
   828 | D:4      | Killed Menkaure
   828 | D:4      | Reached skill level 4 in Axes
   828 | D:4      | Reached skill level 1 in Invocations
   828 | D:4      | Reached XP level 6. HP: 44/57 MP: 5/7
   886 | D:4      | Noticed PanSaczeczos's ghost (amateur KoSu)
   897 | D:4      | Found a runed translucent door.
   934 | D:4      | Found a hide-covered altar of Uskayaw.
  1110 | D:4      | Noticed Edmund
  1134 | D:4      | Killed Edmund
  1134 | D:4      | Reached XP level 7. HP: 29/66 MP: 7/7
  1192 | D:4      | Reached skill level 5 in Axes
  1379 | D:4      | Reached * piety under Makhleb
  1395 | D:4      | Found Maithragu's General Store.
  1429 | D:4      | Bought a scroll of enchant armour for 105 gold pieces
  1526 | D:5      | Entered Level 5 of the Dungeon
  1560 | D:5      | Reached skill level 5 in Fighting
  1560 | D:5      | Reached skill level 5 in Armour
  1560 | D:5      | Reached skill level 5 in Shields
  1644 | D:5      | Reached XP level 8. HP: 33/74 MP: 6/6
  1723 | D:5      | Reached skill level 6 in Axes
  2017 | D:6      | Demolished by an orc warrior

Illustrated notes

Levels and vault maps discovered:
D:1:      wander_arrival_fairy_ring, layout_loops_ring, minmay_misc_feat_five
D:2:      layout_loops_cross, lemuel_doored_altar, nicolae_ru_path_of_blood,
          minmay_misc_feat_alley, grunt_ministairs_15, uniq_robin
D:3:      layout_rooms, grunt_dithmenos_smoke_and_mirrors, demons_altar,
          grunt_temple_overflow_forces_of_nature,
          chequers_ecumenical_altar_island, gammafunk_ghost_grave, serial_glass,
          glass_columns_a, glass_columns_a, glass_columns_b, glass_columns_a,
          glass_columns_c, glass_columns_a, item_on_display_a, feat_on_display,
          elyvilon_altar_4
D:4:      layout_gridville, lemuel_round_altar, serial_shops,
          nicolae_shop_crystal, hellmonk_ghost_happy_afterlife,
          chequers_serial_rivers_small_a, uniq_menkaure, uniq_edmund
D:5:      layout_cave_pools
D:6:      layout_cave_pools, minmay_temple_entry_slanted, serial_shops,
          nicolae_shop_crystal

Skill      XL: |  1  2  3  4  5  6  7  8 |
---------------+-------------------------+-----
Fighting       | 3 4 5 |  5.6
Axes           | 3 4 5 6 |  6.3
Shields        | 4 5 |  5.3
Armour         | 4 5 |  5.4
Invocations    | 1 2 3 4 |  4.1

Action                   |  1- 3 |  4- 6 |  7- 9 || total
-------------------------+-------+-------+-------++-------
Melee: War axe           |    87 |    99 |   113 ||   299
 Abil: Heal Wounds       |     1 |     2 |    11 ||    14
Armor: Scale mail        |    31 |    34 |    80 ||   145
Dodge: Dodged            |    23 |    24 |    48 ||    95
Block: Kite shield       |    45 |    40 |    82 ||   167

Table legend: (Time is in decaauts)
 A = Elapsed time spent in this place.
 B = Non-inter-level travel time spent in this place.
 C = Inter-level travel time spent in this place.
 D = Time resting spent in this place.
 E = Time spent auto-exploring this place.
 F = Levels seen in this place.
 G = Mean time per level.
                   A        B        C        D        E       F      G
               +--------+--------+--------+--------+--------+-----+--------+
         Total |   2131 |   2045 |     86 |      0 |   1374 |   6 |  355.2 |
       Dungeon |   2131 |   2045 |     86 |      0 |   1374 |   6 |  355.2 |
               +--------+--------+--------+--------+--------+-----+--------+

Top non-repeatable levels by time:
     D:4: 746 daAuts
     D:3: 545 daAuts
     D:5: 481 daAuts
     D:1: 274 daAuts
     D:2: 54 daAuts
     D:6: 28 daAuts
